 Dungeon Crawl Stone Soup version 0.29-a0-676-ga64570c9d2 (webtiles) character file.

Game seed: 11991852630234157937

64 blackman the Sneak (level 4, -7/35 HPs)
             Began as a Human Delver on June 25, 2022.
             Was an Initiate of Okawaru.
             Killed from afar by Blork the orc (11 damage)
             ... with a puff of frost
             ... on level 4 of the Dungeon.
             The game lasted 00:05:08 (1370 turns).

blackman the Sneak (Human Delver)                   Turns: 1370, Time: 00:05:09

Health: -7/35      AC:  3    Str: 15    XL:     4   Next: 32%
Magic:  4/4        EV: 16    Int: 10    God:    Okawaru [......]
Gold:   64         SH:  0    Dex: 14    Spells: 3/3 levels left

rFire   . . .      SeeInvis .   d - +3 war axe
rCold   . . .      Faith    .   (no shield)
rNeg    . . .      Spirit   .   b - +0 leather armour
rPois   .          Reflect  .   (no helmet)
rElec   .          Harm     .   (no cloak)
rCorr   .          Rampage  .   (no gloves)
Will    .....                   (no boots)
Stlth   +++.......              (no amulet)
HPRegen 0.11/turn               i - +4 ring of evasion
MPRegen 0.09/turn               (no ring)

@: no status effects
A: no striking features
a: Renounce Religion


You were on level 4 of the Dungeon.
You worshipped Okawaru.
Okawaru was noncommittal.
You visited 2 branches of the dungeon, and saw 4 of its levels.

You collected 64 gold pieces.

Inventory:

Hand Weapons
 a - a +0 hand axe
 d - a +3 war axe (weapon)
 h - a +0 lajatang
Armour
 b - a +0 leather armour (worn)
Jewellery
 i - a +4 ring of evasion (left hand)
Wands
 g - a wand of digging (3)
Scrolls
 c - a scroll of fog
 f - a scroll of identify
Potions
 j - a potion of cancellation


   Skills:
 - Level 3.0 Fighting
 + Level 4.3 Axes
 - Level 2.0 Dodging
 - Level 5.0 Stealth


You had 3 spell levels left.
You didn't know any spells.
Your spell library contained the following spells:

 Spells                   Type           Power      Damage    Failure   Level
 Portal Projectile        Hex/Tloc       0%         N/A       80%         3
 Leda's Liquefaction      Hex/Erth       0%         N/A       99%         4
 Call Canine Familiar     Summ           Unusable   N/A       N/A         3

Dungeon Overview and Level Annotations

Branches:
Dungeon (5/15)             Temple (1/1) D:5

Altars:
Ashenzari
Cheibriados
Dithmenos
Fedhas
Nemelex Xobeh
Okawaru
Qazlal
Ru
Sif Muna
Trog
Zin
The Shining One

Annotations:
D:3 1 runed translucent door, Robin
D:4 Blork the orc, Menkaure


Message History

The hobgoblin no longer looks unusually strong.
Robin roars a battlecry!
The hobgoblin goes into a battle-frenzy!
The goblin hits you with a +0 dagger.
* * * LOW HITPOINT WARNING * * *
Robin throws the goblin at you! The goblin hits you with a +0 dagger.
* * * LOW HITPOINT WARNING * * *
As you read the scroll of fear, it crumbles to dust.
You assume a fearsome visage.
Robin looks frightened!
The goblin looks frightened!
The hobgoblin looks frightened!
The goblin looks frightened!
The hobgoblin looks frightened!
As you read the scroll labelled NUCIXTAORA, it crumbles to dust.
It is a scroll of identify.
j - a potion of cancellation The goblin gives up.
Items here: )))) †††.
Unknown command.
Unknown command.
Unknown command.
Unknown command.
Unknown command.
Unknown command.
Cornered, the goblin turns to fight!
The goblin no longer looks unusually strong.
The goblin no longer looks unusually strong.
There is a stone staircase leading down here.
You climb downwards.
Level annotation: Menkaure
There is a stone staircase leading up here.
An endoplasm comes into view.
Blork the orc shouts!
The endoplasm quivers.
The endoplasm jiggles.
The endoplasm hits you.
* * * LOW HITPOINT WARNING * * *
Blork the orc casts a spell at you. The puff of flame misses you.
The endoplasm barely misses you.
Blork the orc gestures at you while chanting.
The puff of frost hits you!
You die...

#.#.#
#.#.############
#.......... ...#
###.##########.####
#.#######.......#
#.........##.##.#
############.##.##
##### #.#.#.#
#.@.#########..###.
#.#J..o.<.....# #.#
#...############.#
##.## ## #. #.
########### #.
.....>....# ##
#########.### #.##.


You could see Blork the orc and an endoplasm.

Vanquished Creatures
  An orc priest (D:4)
  An adder (Temple)
  4 orcs (D:4)
  An endoplasm (D:3)
  A giant cockroach (D:4)
  6 goblins (D:3)
  2 hobgoblins
  2 kobolds (D:4)
  A ball python (D:4)
19 creatures vanquished.

Notes
Turn   | Place    | Note
-------+----------+-------------------------------------------
     0 | D:5      | blackman the Human Delver began the quest for the Orb.
     0 | D:5      | Reached XP level 1. HP: 18/18 MP: 1/1
    12 | D:5      | Noticed an orc wizard
    15 | D:5      | Noticed an iguana
    23 | D:5      | Found a staircase to the Ecumenical Temple.
    25 | D:5      | Noticed a jelly
    25 | D:5      | Noticed a jelly
    26 | D:5      | Noticed a scorpion
    28 | Temple   | Entered the Ecumenical Temple
    38 | Temple   | Reached XP level 2. HP: 11/24 MP: 2/2
   722 | Temple   | Became a worshipper of Warmaster Okawaru
   867 | D:4      | Noticed Menkaure
   977 | D:4      | Reached XP level 3. HP: 16/29 MP: 3/3
   984 | D:4      | Reached XP level 4. HP: 15/35 MP: 4/4
  1288 | D:3      | Noticed a human
  1289 | D:3      | Found a runed translucent door.
  1319 | D:3      | Noticed Robin
  1336 | D:3      | HP: 1/35 [goblin/+0 dagger[Robin] (1)]
  1364 | D:4      | Noticed Blork the orc
  1370 | D:4      | Killed from afar by Blork the orc

Illustrated notes

Levels and vault maps discovered:
D:3:      layout_basic, dk_yredelemnul_ordeal, serial_shops,
          nicolae_shop_behind_doors, serial_curves, eino_curves_02,
          eino_curves_04, eino_curves_01, uniq_sigmund, uniq_grinder,
          uniq_crazy_yiuf_cottage, uniq_robin
D:4:      cheibrodos_quashed, layout_loops_ring, general_overflow_altar,
          uniq_menkaure, uniq_natasha, uniq_blork_the_orc
D:5:      kennysheep_steamy, layout_cave_pools, nicolae_sif_muna_condensation,
          minmay_temple_entry_ruins
Temple:   bh_familiar_temple

Skill      XL: |  1  2  3 |
---------------+----------+-----
Axes           | 3 4 |  4.3
Fighting       | |  3.0
Dodging        | |  2.0
Stealth        | |  5.0

Action                   |  1- 3 |  4- 6 || total
-------------------------+-------+-------++-------
Melee: Hand axe          |    18 |       ||    18
       War axe           |    14 |    22 ||    36
  Use: Scroll            |     1 |     2 ||     3
       Potion            |     1 |       ||     1
 Stab: Sleeping          |     1 |       ||     1
Armor: Leather armour    |    12 |     7 ||    19
Dodge: Dodged            |    37 |    14 ||    51

Table legend: (Time is in decaauts)
 A = Elapsed time spent in this place.
 B = Non-inter-level travel time spent in this place.
 C = Inter-level travel time spent in this place.
 D = Time resting spent in this place.
 E = Time spent auto-exploring this place.
 F = Levels seen in this place.
 G = Mean time per level.
                   A        B        C        D        E       F      G
               +--------+--------+--------+--------+--------+-----+--------+
         Total |   1363 |   1282 |     81 |    662 |    332 |   4 |  340.8 |
       Dungeon |    637 |    633 |      4 |    201 |    160 |   3 |  212.3 |
        Temple |    725 |    648 |     77 |    461 |    172 |   1 |  725.0 |
               +--------+--------+--------+--------+--------+-----+--------+

Top non-repeatable levels by time:
  Temple: 725 daAuts
     D:4: 492 daAuts
     D:3: 104 daAuts
     D:5: 40 daAuts
